 Dungeon Crawl Stone Soup version 0.21-a0-171-g0f4a3b6 (webtiles) character file.

25 aurelian the Charmwright (level 3, 0/28 HPs)
             Began as a Gnoll Skald on Aug 6, 2017.
             Succumbed to an adder's poison
             ... on level 1 of the Dungeon.
             The game lasted 00:03:59 (556 turns).

aurelian the Charmwright (Gnoll Skald)               Turns: 556, Time: 00:03:59

Health: 0/28       AC:  4    Str:  7    XL:     3   Next: 4%
Magic:  6/7        EV: 12    Int:  7    God:
Gold:   72         SH:  0    Dex:  7    Spells: 7/8 levels left

rFire    . . .     SeeInvis .   m - +1 whip (venom)
rCold    . . .     Gourm    .   (no shield)
rNeg     . . .     Faith    .   b - +0 leather armour
rPois    .         Spirit   .   (no helmet)
rElec    .         Reflect  .   (no cloak)
rCorr    .         Harm     .   (no gloves)
MR       .....                  e - +0 pair of boots
Stlth    +.........             (no amulet)
HPRegen  0.09/turn              (no ring)
MPRegen  0.10/turn              (no ring)

@: mighty, lethally poisoned (0 -> -7), infused
A: unchanging attributes, fangs 1, strong nose
a: no special abilities


You were on level 1 of the Dungeon.
You were not hungry.

You visited 1 branch of the dungeon, and saw 1 of its levels.

You collected 72 gold pieces.

Inventory:

Hand Weapons
 a - a +0 mace
 m - a +1 whip of venom (weapon)
Missiles
 k - 22 stones
Armour
 b - a +0 leather armour (worn)
 e - a +0 pair of boots (worn)
Scrolls
 h - 2 scrolls of identify {unknown}
 j - a scroll of enchant armour {unknown}
 l - 2 scrolls of remove curse {unknown}
Books
 c - a book of Battle

   Spells                             Type                      Level
   a - Infusion                       Charms                       1
   b - Shroud of Golubria             Charms/Translocation         2
   c - Song of Slaying                Charms                       2
   d - Spectral Weapon                Hexes/Charms                 3
   e - Regeneration                   Charms/Necromancy            3
Comestibles
 d - a bread ration
 f - 4 meat rations
 i - 5 chunks of flesh


   Skills:
 + Level 2.9 Fighting
 * Level 3.6 Maces & Flails
 + Level 2.2 Armour
 + Level 3.1 Dodging
 - Level 3.0 Spellcasting
 - Level 4.0 Charms


You had 7 spell levels left.
You knew the following spells:

 Your Spells              Type           Power        Failure   Level  Hunger
a - Infusion              Chrm           #...         10%         1    ##.....


Dungeon Overview and Level Annotations

Branches:
Dungeon (1/15)

Altars:


Innate Abilities, Weirdness & Mutations

Your physical attributes are unchanging.
You have very sharp teeth.
Your uncanny sense of smell can sniff out nearby items.


Message History

You feel sick. The adder bites you but does no damage.
You barely miss the adder.
The adder is almost dead.
* * * LOW HITPOINT WARNING * * *
You feel sick.
You kill the adder!
You have reached level 3!
You aren't carrying any potions.
Okay, then.
Casting: Infusion
Confirm with . or Enter, or press ? or * to list all spells.
You don't know that spell.
Casting: Infusion
Confirm with . or Enter, or press ? or * to list all spells.
You begin infusing your attacks with magical energy.
* * * LOW HITPOINT WARNING * * *
You feel sick.
* * * LOW HITPOINT WARNING * * *
You feel sick.
You die...

######### #.......##
###############.........
........................ #.
##@.....##.........
##.#########......##......)..
#.....#...........##.........
#.....#........##.##.........
#.....#......####.###########
∆ ∆ .>..........# #.# #
#.........# #.# # #####
#.........# #.# ### ....#
#.....#.### #.# #..


There were no monsters in sight!

Vanquished Creatures
  An adder (D:1)
  3 giant cockroaches (D:1)
  2 goblins (D:1)
  2 hobgoblins (D:1)
  2 kobolds (D:1)
  A bat (D:1)
  A frilled lizard (D:1)
  4 rats (D:1)
16 creatures vanquished.

Notes
Turn   | Place    | Note
-------+----------+-------------------------------------------
     0 | D:1      | aurelian the Gnoll Skald began the quest for the Orb.
     0 | D:1      | Reached XP level 1. HP: 17/17 MP: 4/4
   311 | D:1      | Reached XP level 2. HP: 23/23 MP: 6/6
   322 | D:1      | Upgraded the game from 0.21-a0-170-g0398fc9 to 0.21-a0-171-g0f4a3b6
   552 | D:1      | Reached XP level 3. HP: 2/28 MP: 7/7
   553 | D:1      | HP: 1/28 [poisoned by an adder]
   556 | D:1      | Succumbed to an adder's poison

Vault maps used:
D:1:      lightli_arrival_statue_moat

Skill      XL: |  1  2 |
---------------+-------+-----
Maces & Flails | 3 |  3.6
Armour         | 2 |  2.2
Dodging        | 3 |  3.1
Fighting       | |  2.9
Spellcasting   | |  3.0
Charms         | |  4.0

Action                   || total
-------------------------++-------
Melee: Mace              ||    43
       Bite              ||     4
       Whip              ||    31
 Cast: Infusion          ||     3
  Use: Potion            ||     1
Armor: Leather armour    ||    25
Dodge: Dodged            ||    48
